 Dungeon Crawl Stone Soup version 0.29-a0-323-g050149af67 (webtiles) character file.

Game seed: 4877377025332205055

368 spaghetti the Magician (level 6, -14/41 HPs)
             Began as a Demonspawn Conjurer on Apr 11, 2022.
             Was a Priest of Ru.
             Demolished by an ogre
             ... wielding a +0 giant spiked club
              (30 damage)
             ... on level 4 of the Dungeon.
             The game lasted 00:06:07 (3996 turns).

spaghetti the Magician (Demonspawn Conjurer)        Turns: 3996, Time: 00:06:07

Health: -14/41     AC:  2    Str:  8    XL:     6   Next: 41%
Magic:  4/15       EV: 16    Int: 21    God:    Ru [***...]
Gold:   238        SH:  0    Dex: 11    Spells: 11/17 levels left

rFire   . . .      SeeInvis .   q - +1 dagger (venom) {short}
rCold   . . .      Faith    .   (no shield)
rNeg    . . .      Spirit   .   a - +0 robe
rPois   .          Reflect  .   (no helmet)
rElec   .          Harm     .   (no cloak)
rCorr   .          Rampage  .   (no gloves)
Will    .....                   (no boots)
Stlth   ++........              (no amulet)
HPRegen 0.13/turn               g - +4 ring of evasion
MPRegen 0.14/turn               (no ring)

@: unable to read
A: demonic guardian 1, ignite blood 1, inability to read while threatened,
inability to use devices, weakness stinger 2
a: Renounce Religion, Draw Out Power


You were on level 4 of the Dungeon.
You worshipped Ru.
Ru was most pleased with you.
You visited 1 branch of the dungeon, and saw 4 of its levels.

You collected 238 gold pieces.


Innate Abilities, Weirdness & Mutations

A weak demonic guardian rushes to your aid.
Your demonic aura sometimes causes spilled blood to erupt in flames.
You sometimes lose the ability to read scrolls when taking damage.
You cannot study or use magical devices.
You have a tail ending in a sharp stinger.


   Skills:
 - Level 1.7 Dodging
 - Level 1.7 Stealth
 + Level 6.0 Spellcasting
 + Level 4.3 Conjurations
 + Level 1.1 Earth Magic


You had 11 spell levels left.
You knew the following spells:

 Your Spells              Type           Power      Damage    Failure   Level
a - Magic Dart            Conj           96%        1d7       1%          1
b - Searing Ray           Conj           48%        2d6       2%          2
c - Stone Arrow           Conj/Erth      34%        3d9       10%         3

Your spell library contained the following spells:

 Spells                   Type           Power      Damage    Failure   Level
 Sandblast                Erth           22%        2d7       6%          1
 Passwall                 Tmut/Erth      6%         N/A       12%         2
 Dazzling Flash           Conj/Hex       30%        N/A       12%         3
 Frozen Ramparts          Ice            12%        1d3       28%         3
 Fulminant Prism          Conj/Hex       7%         3d7       38%         4
 Iskenderun's Mystic Bla  Conj/Tloc      15%        2d5       38%         4
 Ice Form                 Ice/Tmut       6%         N/A       67%         4
 Summon Ice Beast         Ice/Summ       6%         N/A       67%         4

Inventory:

Hand Weapons
 c - a +0 whip {mace}
   (You found it on level 1 of the Dungeon)
 h - a +3 whip {mace}
   (You took it off a kobold on level 2 of the Dungeon)
 j - a +0 rapier {short}
   (You found it on level 2 of the Dungeon)
 q - a +1 dagger of venom (weapon) {short}
   (You took it off a kobold on level 2 of the Dungeon)
Missiles
 e - 116 stones {throwing}
 r - 8 poisoned darts {throwing}
Armour
 a - a +0 robe (worn)
Jewellery
 g - a +4 ring of evasion (left hand)
   (You found it on level 1 of the Dungeon)
Scrolls
 f - 3 scrolls of teleportation {unknown}
 k - 2 scrolls of fear {unknown}
 l - a scroll of vulnerability {unknown}
 m - 6 scrolls of identify {unknown}
 n - 2 scrolls of magic mapping {unknown}
 p - 3 scrolls of amnesia {unknown}
 s - a scroll of immolation {unknown}
Potions
 b - a potion of magic
 d - a potion of curing {@q1}
 i - 2 potions of mutation {unknown}
 o - 2 potions of lignification {!q}
 t - a potion of ambrosia {unknown}
 u - a potion of flight {unknown}
 v - a potion of berserk rage {unknown}

Dungeon Overview and Level Annotations

Branches:
Dungeon (4/15)
 Temple: D:4-7

Altars:
Ru

Shops:
D:3

: ...............
..............#
..............# ..
.........?....# . ..
..............###..
..
#..........>.##....
..
#..........O.......
#........5@........
##.........○........
##..............###.#
##..............## .)
...............## #.
# ....#.......#..#
#.## ..
#..#.....###..## ..#
.. #.......##
##..#### #.#####..
....##..##
##.....###..##....


You could see an ogre (ally target) and a friendly ufetubus (summoned).


Message History

You take 2 damage, and now have 39/41 hp.
You lost 2 mp, and now have 13/15 mp.
You now have 238 gold pieces (gained 11).
Items here: )) [ †. 😎 HP[+2] MP[+2]
Your hp is fully restored (41).
Your mp is fully restored (15).
A giant cockroach is nearby!
A giant cockroach is nearby!
A giant cockroach is nearby!
A giant cockroach is nearby!
A giant cockroach is nearby!
The magic dart hits the giant cockroach.
You kill the giant cockroach! 😎 MP[-1]
You lost 1 mp, and now have 14/15 mp.
You can't see any susceptible monsters within range! (Use Z to cast anyway.)
You can't see any susceptible monsters within range! (Use Z to cast anyway.)
You can't see any susceptible monsters within range! (Use Z to cast anyway.)
You open the door.
There is an open door here.
Key pressed, stopping explore.
n - 2 scrolls labelled TUBISELOFFE (gained 1)
A jackal comes into view.
The jackal barks!
A jackal comes into view. 😎 MP[+1]
Your mp is fully restored (15).
There are monsters nearby!
The magic dart hits the jackal.
The jackal barks!
You hear a bark!
The jackal is engulfed in blazing flames.
You kill the jackal!
A jackal comes into view.
An adder comes into view. 😎 MP[-1]
You lost 1 mp, and now have 14/15 mp.
The magic dart hits the jackal.
The adder hisses angrily. 😎 MP[-1]
You lost 1 mp, and now have 13/15 mp.
The magic dart hits the jackal.
You kill the jackal! 😎 MP[-1]
You lost 1 mp, and now have 12/15 mp.
The magic dart hits the jackal. 😎 MP[-1]
You lost 1 mp, and now have 11/15 mp.
The magic dart hits the jackal. 😎 MP[-1]
You lost 1 mp, and now have 10/15 mp.
The magic dart hits the jackal.
You kill the jackal! 😎 MP[-1]
You lost 1 mp, and now have 9/15 mp.
The magic dart hits the adder!
The adder is engulfed in blazing flames.
You kill the adder!
You can't see any susceptible monsters within range! (Use Z to cast anyway.)
An ogre is nearby!
An ogre is nearby! 😎 MP[+3]
You regained 3 mp, and now have 12/15 mp.
An ogre is nearby!
Unknown command.
The magic dart hits the ogre but does no damage.
The ogre shouts! 😎 MP[-1]
You lost 1 mp, and now have 11/15 mp.
The magic dart hits the ogre. 😎 MP[-1]
You lost 1 mp, and now have 10/15 mp.
The magic dart hits the ogre. 😎 MP[-1]
You lost 1 mp, and now have 9/15 mp.
The magic dart hits the ogre.
The magic dart hits the ogre. 😎 MP[-1]
You lost 1 mp, and now have 8/15 mp.
The magic dart hits the ogre but does no damage. 😎 MP[-1]
You lost 1 mp, and now have 7/15 mp.
Casting: Magic Dart (safe; 1% risk of failure)
Confirm with . or Enter, or press ? or * to list all spells.
Aiming: Searing Ray (safe; 2% risk of failure)
Press: ? - help, Shift-Dir - straight line, f/p - ogre
Aim: an ogre, wielding a +0 giant spiked club (moderately wounded, 90% to hit)
The searing ray hits the ogre! (Press . to maintain the ray.)
The ogre hits you with a +0 giant spiked club!!
Ouch! That really hurt!
* * * LOW HITPOINT WARNING * * *
A demonic guardian appears! 😨 HP[-25] MP[-2]
You take 25 damage, and now have 16/41 hp.
MASSIVE DAMAGE!! (PAUSE)
You lost 2 mp, and now have 5/15 mp.
The searing ray hits the ogre.
The ogre hits you with a +0 giant spiked club!!
You feel threatened and lose the ability to read scrolls!
Ouch! That really hurt!
You die...

Skill      XL: |  1  2  3  4  5  6 |
---------------+-------------------+-----
Spellcasting   | 3 4 5 6 |  6.0
Earth Magic    | 1 |  1.1
Dodging        | |  1.7
Stealth        | |  1.7
Conjurations   | |  4.3

Action                   |  1- 3 |  4- 6 || total
-------------------------+-------+-------++-------
Melee: Whip              |    26 |       ||    26
       Dagger            |    11 |       ||    11
       Tailslap          |     4 |       ||     4
       Punch             |     2 |       ||     2
 Cast: Magic Dart        |    61 |    83 ||   144
       Searing Ray       |     1 |     3 ||     4
       Stone Arrow       |       |     2 ||     2
Invok: Sacrifice Words   |     1 |       ||     1
       Sacrifice Artific |       |     1 ||     1
  Use: Potion            |     2 |       ||     2
 Stab: Sleeping          |     1 |       ||     1
Armor: Robe              |     4 |       ||     4
       Skin              |    11 |       ||    11
Dodge: Dodged            |    29 |    12 ||    41

Levels and vault maps discovered:
D:1:      dpeg_arrival_chambers_temple_mockup, layout_rooms,
          dreamdust_ecumenical_altar_grove
D:2:      layout_loops_corners, grunt_ministairs_9, serial_bayou_pond_e,
          minmay_vboxes, uniq_sigmund
D:3:      layout_loops_ring, serial_shops, shop, minmay_misc_feat_iff
D:4:      cheibrodos_greedy_goblins, layout_layer_cave

Notes
Turn   | Place    | Note
-------+----------+-------------------------------------------
     0 | D:1      | spaghetti the Demonspawn Conjurer began the quest for the
                  | Orb.
     0 | D:1      | Reached XP level 1. HP: 13/13 MP: 3/3
     0 | D:1      | magus.rc [v1.9.6]
   243 | D:1      | Found a faded altar of an unknown god.
   258 | D:1      | Prayed at the altar of an unknown god.
   258 | D:1      | Became a worshipper of Ru the Awakened
   303 | D:1      | Gained mutation: You sometimes lose the ability to read
                  | scrolls when taking damage. [Ru sacrifice]
   303 | D:1      | Reached * piety under Ru
   574 | D:1      | Gained mutation: You have a small tail. [demonic ancestry]
   574 | D:1      | Reached XP level 2. HP: 19/19 MP: 2/5
   616 | D:1      | You pick up a book of Geomancy and begin reading...
   616 | D:1      | You add the spells Sandblast, Passwall and Stone Arrow to
                  | your library.
   635 | D:1      | Learned a level 2 spell: Searing Ray
   886 | D:2      | Reached skill level 3 in Spellcasting
  1084 | D:2      | Gained mutation: You have a tail ending in a sharp stinger.
                  | [demonic ancestry]
  1084 | D:2      | Reached XP level 3. HP: 24/24 MP: 0/7
  1822 | D:2      | Reached skill level 4 in Spellcasting
  1837 | D:2      | Gained mutation: Your demonic aura sometimes causes spilled
                  | blood to erupt in flames. [demonic ancestry]
  1837 | D:2      | Reached XP level 4. HP: 26/30 MP: 8/10
  1946 | D:2      | Noticed Sigmund
  1952 | D:2      | Killed Sigmund
  1953 | D:2      | Reached skill level 5 in Spellcasting
  1953 | D:2      | Reached XP level 5. HP: 25/35 MP: 2/13
  2873 | D:3      | You pick up a book of Rime and begin reading...
  2873 | D:3      | You add the spells Frozen Ramparts, Ice Form and Summon Ice
                  | Beast to your library.
  2977 | D:3      | Found Jiofastru's Book Shoppe.
  3173 | D:3      | Learned a level 3 spell: Stone Arrow
  3233 | D:4      | Gained mutation: You cannot study or use magical devices.
                  | [Ru sacrifice]
  3233 | D:4      | Reached ** piety under Ru
  3233 | D:4      | Reached *** piety under Ru
  3288 | D:4      | Gained mutation: A weak demonic guardian rushes to your
                  | aid. [demonic ancestry]
  3288 | D:4      | Reached XP level 6. HP: 41/41 MP: 6/14
  3568 | D:4      | Reached skill level 1 in Earth Magic
  3708 | D:4      | Reached skill level 6 in Spellcasting
  3996 | D:4      | Demolished by an ogre

Vanquished Creatures
  Sigmund (D:2)
  2 hounds (D:4)
  3 gnolls (D:4)
  5 adders
  2 worms (D:2)
  4 dart slugs (D:2)
  2 orcs (D:4)
  7 bats
  6 endoplasms
  2 giant cockroaches
  2 goblins
  5 hobgoblins
  5 jackals
  3 quokkas
  7 ball pythons
  A frilled lizard (D:1)
  6 kobolds
  3 rats
66 creatures vanquished.

Table legend:
 A = Non-vault XP
 B = Vault XP
 C = Vault XP percentage of total XP
 D = Non-vault monster count
 E = Vault monster count
 F = Vault count percentage of total count
                 A         B        C        D         E       F
            +---------+---------+-------+---------+---------+-------
      Total |     266 |     261 |  49.5 |      59 |       7 |  10.6
            +---------+---------+-------+---------+---------+-------
        D:1 |      15 |       0 |   0.0 |      10 |       0 |   0.0
        D:2 |      60 |     261 |  81.3 |      22 |       7 |  24.1
        D:3 |      27 |       0 |   0.0 |       9 |       0 |   0.0
        D:4 |     164 |       0 |   0.0 |      18 |       0 |   0.0
            +---------+---------+-------+---------+---------+-------

Illustrated notes

Table legend:
 A = Kills in this place as a percentage of kills in entire the game.
 B = Kills by you in this place as a percentage of kills by you in the entire game.
 C = Kills by friends in this place as a percentage of kills by friends in the entire game.
 D = Other kills in this place as a percentage of other kills in the entire game.
 E = Experience gained in this place as a percentage of experience gained in the entire game.
 F = Experience gained in this place divided by the number of levels of this place that you have seen.
                   A       B       C       D       E      F
               +-------+-------+-------+-------+-------+----------------------
         Total | 100.0 | 100.0 |   N/A |   N/A | 100.0 | 131.8
       Dungeon | 100.0 | 100.0 |   N/A |   N/A | 100.0 | 131.8
               +-------+-------+-------+-------+-------+----------------------

Table legend: (Time is in decaauts)
 A = Elapsed time spent in this place.
 B = Non-inter-level travel time spent in this place.
 C = Inter-level travel time spent in this place.
 D = Time resting spent in this place.
 E = Time spent auto-exploring this place.
 F = Levels seen in this place.
 G = Mean time per level.
                   A        B        C        D        E       F      G
               +--------+--------+--------+--------+--------+-----+--------+
         Total |   3998 |   3883 |    115 |    486 |   3013 |   4 |  999.5 |
       Dungeon |   3998 |   3883 |    115 |    486 |   3013 |   4 |  999.5 |
               +--------+--------+--------+--------+--------+-----+--------+

Top non-repeatable levels by time:
     D:2: 1725 daAuts
     D:3: 837 daAuts
     D:1: 741 daAuts
     D:4: 694 daAuts
